 Dungeon Crawl Stone Soup version 0.28-a0-1167-g616b1c6417 (webtiles) character file.

Game seed: 1835979697700036951

1848 ChaosChampion the Thaumaturge (level 8, 0/41 HPs)
             Began as a Deep Elf Conjurer on Dec 16, 2021.
             Was an Initiate of Vehumet.
             Slain by an orc warrior (8 damage)
             ... on level 6 of the Dungeon.
             The game lasted 00:08:34 (7410 turns).

ChaosChampion the Thaumaturge (Deep Elf Conjurer)   Turns: 7410, Time: 00:08:34

Health: 0/41       AC:  4    Str:  4    XL:     8   Next: 88%
Magic:  13/26      EV: 16    Int: 26    God:    Vehumet [......]
Gold:   256        SH:  0    Dex: 13    Spells: 29/32 levels left

rFire   . . .      SeeInvis .   s - staff of air
rCold   . . .      Faith    .   (no shield)
rNeg    . . .      Spirit   .   a - +0 robe
rPois   .          Reflect  .   (no helmet)
rElec   +          Harm     .   (no cloak)
rCorr   .          Rampage  .   l - +1 pair of gloves
Will    .....                   (no boots)
Stlth   ++........              (no amulet)
HPRegen 0.13/turn               c - +4 ring of evasion
MPRegen 0.20/turn               (no ring)

@: lethally poisoned (0 -> -15)
A: wild magic 2
a: Renounce Religion


You were on level 6 of the Dungeon.
You worshipped Vehumet.
Vehumet was noncommittal.
You visited 1 branch of the dungeon, and saw 7 of its levels.

You collected 256 gold pieces.

Inventory:

Armour
 a - a +0 robe (worn)
 b - a scarf of invisibility
 l - a +1 pair of gloves (worn)
Magical Staves
 s - a staff of air (weapon)
Jewellery
 c - a +4 ring of evasion (left hand)
 t - a ring of fire
Wands
 p - a wand of charming (19)
 u - a wand of iceblast (10)
Scrolls
 f - 2 scrolls of fog
 h - 2 scrolls of teleportation
 k - a scroll of identify
 o - a scroll of amnesia
 q - a scroll of magic mapping
Potions
 d - 4 potions of curing
 e - 4 potions of degeneration
 g - 2 potions of heal wounds {unknown}
 i - a potion of berserk rage {unknown}
 j - 3 potions of mutation
 m - a potion of flight
 n - a potion of magic {unknown}
 r - a potion of brilliance {unknown}


   Skills:
 - Level 2.4 Dodging
 - Level 2.4 Stealth
 * Level 12.5 Spellcasting
 + Level 8.5 Conjurations


You had 29 spell levels left.
You knew the following spells:

 Your Spells              Type           Power      Damage    Failure   Level
a - Magic Dart            Conj           100%       1d8       1%          1
b - Searing Ray           Conj           100%       2d8       1%          2

Your spell library contained the following spells:

 Spells                   Type           Power      Damage    Failure   Level
 Dazzling Flash           Conj/Hex       100%       N/A       6%          3
 Corpse Rot               Necr/Air       78%        N/A       13%         2
 Fulminant Prism          Conj/Hex       28%        3d14      14%         4
 Iskenderun's Mystic Bla  Conj/Tloc      57%        2d12      14%         4
 Dispel Undead            Necr           26%        3d13      52%         4
 Starburst                Conj/Fire      28%        6d9       82%         6
 Death Channel            Necr           13%        N/A       100%        6


Dungeon Overview and Level Annotations

Branches:
Dungeon (7/15)             Temple (0/1) D:6

Altars:
Qazlal
Trog
Vehumet

Annotations:
D:3 1 runed translucent door, mojasp's ghost, weakling DsVM


Innate Abilities, Weirdness & Mutations

Your spells are harder to cast, but more powerful.


Message History

Aim: an orc warrior, wielding a +0 halberd and wearing a +0 chain mail (100% to hit)
The magic dart hits the orc warrior but does no damage.
An orc comes into view. It is wielding a +0 trident.
Casting: Magic Dart (safe; 1% risk of failure)
Confirm with . or Enter, or press ? or * to list all spells.
Aiming: Searing Ray (safe; 1% risk of failure)
Press: ? - help, Shift-Dir - straight line, f/p - orc warrior
Aim: an orc warrior, wielding a +0 halberd and wearing a +0 chain mail (81% to hit)
The searing ray hits the orc warrior!
The orc warrior is moderately wounded. (Press . to maintain the ray.)
The orc warrior hits you from afar with a +0 halberd!!
Ouch! That really hurt!
The searing ray hits the orc warrior!
The orc warrior is severely wounded.
The orc warrior closely misses you.
Casting: Searing Ray (safe; 1% risk of failure)
Confirm with . or Enter, or press ? or * to list all spells.
Restarting spell: Searing Ray (safe; 1% risk of failure)
Press: ? - help, Shift-Dir - straight line, f/p - orc warrior
Aim: an orc warrior, wielding a +0 halberd and wearing a +0 chain mail (severely wounded, 81% to hit)
The searing ray hits the water moccasin.
The water moccasin is lightly wounded.
The searing ray hits the orc warrior.
The orc warrior is almost dead. (Press . to maintain the ray.)
The water moccasin bites you.
You are lethally poisoned!
The water moccasin poisons you!
The orc warrior hits you from afar with a +0 halberd.
* * * LOW HITPOINT WARNING * * *
The water moccasin bites you but does no damage.
The searing ray hits the water moccasin.
The water moccasin is moderately wounded.
The searing ray misses the orc warrior.
* * * LOW HITPOINT WARNING * * *
You feel very sick. The water moccasin closely misses you.
The orc hits you but does no damage.
The orc warrior hits you from afar with a +0 halberd!
You die...

######### .#
#.......# .#
#.......####.###
#......P.......#
#...P.....>....#
#.....P........#
#...)oS@.......#
#....o)........# ≈≈
###............#
≈≈P
#.).##.........#
#♣P≈≈ ..#
#........†####≈≈≈≈≈
#
#!...........≈≈≈≈P≈
#####.#......≈≈≈≈.≈
..!.[.....[....≈.
.##.#..#.........


You could see an orc warrior, a water moccasin and an orc.

Vanquished Creatures
  A steam dragon (D:5)
  A water moccasin (D:5)
  A sky beast (D:6)
  A black bear (D:6)
  A necrophage (D:6)
  A centaur (D:7)
  A phantom (D:5)
  3 scorpions
  2 bullfrog zombies (D:6)
  4 centaur zombies
  6 hounds
  A bullfrog skeleton (D:3)
  A jelly (D:6)
  2 orc priests (D:3)
  Jessica (D:2)
  A centaur skeleton (D:5)
  2 iguanas
  Ijyb (D:4)
  6 orc wizards
  A killer bee zombie (D:6)
  A howler monkey skeleton (D:4)
  4 gnolls (D:3)
  6 adders
  A shadow imp (D:5)
  A worm (D:4)
  4 dart slugs
  24 orcs
  6 bats
  2 endoplasms
  3 giant cockroaches (D:3)
  8 goblins
  7 hobgoblins
  7 jackals
  6 ball pythons
  3 frilled lizards
  2 kobolds
  6 rats
129 creatures vanquished.

Vanquished Creatures (others)
  An orc (D:6)
  A withered plant (D:6)
2 creatures vanquished.

Grand Total: 131 creatures vanquished

Notes
Turn   | Place    | Note
-------+----------+-------------------------------------------
     0 | D:1      | ChaosChampion the Deep Elf Conjurer began the quest for the
                  | Orb.
     0 | D:1      | Reached XP level 1. HP: 10/10 MP: 6/6
    89 | D:1      | Found a faded altar of an unknown god.
   535 | D:1      | Reached XP level 2. HP: 15/15 MP: 4/8
  1260 | D:2      | Reached skill level 4 in Spellcasting
  1381 | D:2      | Noticed Jessica
  1384 | D:2      | Killed Jessica
  1385 | D:2      | Reached XP level 3. HP: 19/19 MP: 7/11
  1388 | D:2      | Learned a level 2 spell: Searing Ray
  1480 | D:2      | Reached skill level 5 in Spellcasting
  1507 | D:2      | Reached skill level 5 in Conjurations
  1566 | D:2      | Reached XP level 4. HP: 24/24 MP: 11/13
  2594 | D:3      | Reached skill level 6 in Spellcasting
  2598 | D:3      | Reached XP level 5. HP: 28/28 MP: 3/15
  2671 | D:3      | Found a runed translucent door.
  2673 | D:3      | Noticed mojasp's ghost (weakling DsVM)
  3237 | D:3      | Reached skill level 7 in Spellcasting
  3240 | D:3      | Reached XP level 6. HP: 24/32 MP: 5/18
  3545 | D:4      | Found a stormy altar of Qazlal.
  3593 | D:4      | Noticed Ijyb
  3611 | D:4      | Killed Ijyb
  4175 | D:4      | Reached skill level 8 in Spellcasting
  4336 | D:4      | You fall into a shaft and drop 3 floors!
  4420 | D:7      | Noticed a skeletal warrior
  4453 | D:6      | Reached XP level 7. HP: 31/36 MP: 15/21
  4455 | D:6      | Reached skill level 9 in Spellcasting
  4605 | D:5      | Entered Level 5 of the Dungeon
  5140 | D:5      | Gained mutation: Your spells are a little harder to cast,
                  | but a little more powerful. [potion of mutation]
  5140 | D:5      | Gained mutation: Your spells are harder to cast, but more
                  | powerful. [potion of mutation]
  5450 | D:5      | Found a bloodstained altar of Trog.
  5700 | D:5      | Reached skill level 10 in Spellcasting
  5703 | D:5      | Found a radiant altar of Vehumet.
  5711 | D:5      | Became a worshipper of Vehumet
  5992 | D:5      | Reached XP level 8. HP: 41/41 MP: 16/24
  6412 | D:5      | Reached skill level 11 in Spellcasting
  6628 | D:6      | HP: 2/41 [steam dragon (2)]
  7031 | D:6      | Reached skill level 12 in Spellcasting
  7121 | D:6      | Found a staircase to the Ecumenical Temple.
  7410 | D:6      | Slain by an orc warrior

Illustrated notes

Levels and vault maps discovered:
D:1:      beargit_arrival_greenhouse, layout_loops_ring,
          serial_co_window_serial, co_window_paths_a, co_window_corner_a,
          co_window_of_opportunity_a, co_window_paths_b,
          co_window_of_opportunity_a, co_window_paths_a, co_window_paths_a,
          co_window_broadway_c, co_window_2corner, co_window_broadway_a,
          co_window_sun, co_window_4corner_b, glass_columns_c, glass_columns_a,
          glass_columns_a, glass_columns_a, glass_columns_c,
          dreamdust_ecumenical_altar_grove, minmay_misc_feat_square
D:2:      layout_basic, grunt_decor_mini_mirrors, uniq_jessica
D:3:      layout_loops_ring, ebering_ghost_sewer_d
D:4:      layout_basic, amcnicky_altar_gilded, kennysheep_generic_room_13,
          uniq_ijyb
D:5:      layout_gridville, general_overflow_altar, nicolae_vehumet_radiance,
          serial_glass, glass_columns_a, glass_columns_c, glass_columns_c,
          glass_columns_c, glass_columns_b, glass_columns_b
D:6:      layout_loops_cross, minmay_temple_entry_enclosed_plants,
          serial_undead, serial_undead_c, serial_undead_c, serial_undead_b,
          serial_undead_d, serial_bayou_ford_a, kennysheep_generic_room_3
D:7:      layout_rooms, lemuel_blue_sif_altar,
          mainiacjoe_overflow_small_starburst, enter_bailey_4,
          minmay_guarded_unrand_finisher

Skill      XL: |  1  2  3  4  5  6  7  8 |
---------------+-------------------------+-----
Spellcasting   | 4 5 6 7 8 10 12 | 12.5
Conjurations   | 5 6 7 8 |  8.5
Dodging        | |  2.4
Stealth        | |  2.4

Action                   |  1- 3 |  4- 6 |  7- 9 || total
-------------------------+-------+-------+-------++-------
Melee: Unarmed           |       |       |     2 ||     2
 Cast: Magic Dart        |    40 |    75 |    68 ||   183
       Searing Ray       |     2 |    34 |    65 ||   101
Evoke: Wand              |       |       |     1 ||     1
  Use: Scroll            |       |     7 |     5 ||    12
       Potion            |       |       |     3 ||     3
Armor: Robe              |     1 |     8 |    14 ||    23
Dodge: Dodged            |     1 |    18 |    56 ||    75

Table legend: (Time is in decaauts)
 A = Elapsed time spent in this place.
 B = Non-inter-level travel time spent in this place.
 C = Inter-level travel time spent in this place.
 D = Time resting spent in this place.
 E = Time spent auto-exploring this place.
 F = Levels seen in this place.
 G = Mean time per level.
                   A        B        C        D        E       F      G
               +--------+--------+--------+--------+--------+-----+--------+
         Total |   7412 |   7200 |    212 |    192 |   6104 |   7 | 1058.9 |
       Dungeon |   7412 |   7200 |    212 |    192 |   6104 |   7 | 1058.9 |
               +--------+--------+--------+--------+--------+-----+--------+

Top non-repeatable levels by time:
     D:5: 1695 daAuts
     D:4: 1387 daAuts
     D:3: 1251 daAuts
     D:1: 1126 daAuts
     D:2: 1095 daAuts
     D:6: 748 daAuts
     D:7: 107 daAuts
